 Dungeon Crawl Stone Soup version 0.31-a0-96-g196d5507e3 (webtiles) character file.

Game seed: 7848900253707598638

5303 Essalna the Destroyer (level 10, -3/64 HPs)
             Began as a Gargoyle Conjurer on May 26, 2023.
             Slain by a skeletal warrior
             ... wielding a +0 trident
              (19 damage)
             ... on level 7 of the Dungeon.
             The game lasted 00:21:54 (10717 turns).

Essalna the Destroyer (Gargoyle Conjurer)          Turns: 10717, Time: 00:21:54

Health: -3/64      AC: 17    Str: 11    XL:     10   Next: 63%
Magic:  9/13       EV: 12    Int: 23    God:
Gold:   568        SH:  0    Dex:  8    Spells: 6/13 levels left

rFire   . . .        m - +3 whip (freeze)
rCold   . . .        (no shield)
rNeg    + + .        q - +2 leather armour "Jousis" {rElec rN+}
rPois   ∞            (no helmet)
rElec   +            r - +0 cloak
rCorr   .            i - +0 pair of gloves
SInv    .            w - +0 pair of boots
Will    .....        (no amulet)
Stlth   +            (no ring)
HPRegen 0.30/turn    (no ring)
MPRegen 0.13/turn

%: no passive effects
@: no status effects
A: sickness immunity, AC +7, negative energy resistance 1, electricity
resistance, torment resistance 1, petrification resistance
a: no special abilities


You were on level 7 of the Dungeon.
You visited 1 branch of the dungeon, and saw 8 of its levels.

You collected 568 gold pieces.

Inventory:

Hand Weapons
 c - a +0 whip
 h - a +1 dagger of protection
 m - a +3 whip of freezing (weapon)
 y - a +2 dagger of venom
Armour
 i - a +0 pair of gloves (worn)
 q - the +2 leather armour "Jousis" (worn) {rElec rN+}
   (You found it on level 3 of the Dungeon)

   rElec:     It insulates you from electricity.
   rN:        It protects you from negative energy.
 r - a +0 cloak (worn)
 w - a +0 pair of boots (worn)
 A - a +1 robe of positive energy
Jewellery
 o - a ring of fire
 p - a ring of ice
 B - an amulet of guardian spirit
Wands
 b - a wand of iceblast (11)
Scrolls
 f - 2 scrolls of teleportation
 j - a scroll of enchant weapon
 k - 2 scrolls of fog
 s - 7 scrolls of identify
 u - a scroll of poison
Potions
 a - a potion of degeneration {unknown}
 d - 3 potions of enlightenment
 e - a potion of attraction {unknown}
 g - a potion of curing
 l - 6 potions of might
 n - a potion of heal wounds
 t - a potion of cancellation {unknown}
 v - 4 potions of brilliance
 x - a potion of berserk rage {unknown}


   Skills:
 + Level 8.0 Fighting
 + Level 7.0 Armour
 + Level 5.7 Dodging
 - Level 2.1 Stealth
 - Level 2.0 Spellcasting
 + Level 9.3 Conjurations
 + Level 5.8 Translocations


You had 6 spell levels left.
You knew the following spells:

 Your Spells              Type           Power      Damage    Failure   Level
a - Magic Dart            Conj           100%       1d8       1%          1
b - Searing Ray           Conj           90%        2d7       1%          2
c - Iskenderun's Mystic   Conj/Tloc      36%        2d9       8%          4

Your spell library contained the following spells:

 Spells                   Type           Power      Damage    Failure   Level
 Kiss of Death            Conj/Necr      88%        2d12      2%          1
 Dazzling Flash           Conj/Hex       44%        N/A       8%          3
 Hailstorm                Conj/Ice       22%        3d7       8%          3
 Freeze                   Ice            8%         1d3       16%         1
 Fulminant Prism          Conj/Hex       11%        3d8       26%         4
 Confusing Touch          Hex            2%         N/A       43%         3
 Frozen Ramparts          Ice            4%         1d1       43%         3
 Dispel Undead            Necr           2%         3d7       85%         4


Dungeon Overview and Level Annotations

Branches:
Dungeon (8/15)
 Temple: D:4-7         Lair: D:8-11

Altars:
Ashenzari
Cheibriados
Dithmenos
Elyvilon
Okawaru
Qazlal
Uskayaw
Xom
Zin

Annotations:
D:6 1 runed translucent door, Zigma's ghost, novice DrNe


Innate Abilities, Weirdness & Mutations

You are immune to sickness and miasma.
Your stone body is resilient. (AC +7)
You are immune to poison.
You resist negative energy. (rN+)
You are resistant to electric shocks. (rElec)
You are resistant to unholy torment.
You are immune to petrification.


Message History

Press: ? - help, Shift-Dir - straight line, f/p - skeletal warrior
Aim: a skeletal warrior, wielding a +0 trident (moderately damaged, 71% to hit)
The bolt of dispelling energy hits the skeletal warrior!
The skeletal warrior is heavily damaged.
Aiming: Quicksilver Bolt
Press: ? - help, Shift-Dir - straight line, f/p - skeletal warrior
Aim: a skeletal warrior, wielding a +0 trident (heavily damaged, 71% to hit)
The bolt of dispelling energy hits the skeletal warrior!
The skeletal warrior is severely damaged.
The skeletal warrior hits you from afar with a +0 trident!!
Aiming: Quicksilver Bolt
Press: ? - help, Shift-Dir - straight line, f/p - skeletal warrior
Aim: a skeletal warrior, wielding a +0 trident (severely damaged, 71% to hit)
The bolt of dispelling energy hits the skeletal warrior!
The skeletal warrior is severely damaged.
The now-empty wand crumbles to dust.
The skeletal warrior barely misses you.
Aiming: Iceblast
Press: ? - help, Shift-Dir - straight line, f/p - skeletal warrior
Aim: a skeletal warrior, wielding a +0 trident (severely damaged)
The mass of ice explodes!
The iceblast engulfs the skeletal warrior but does no damage.
The skeletal warrior is severely damaged.
The skeletal warrior hits you from afar with a +0 trident!
Casting: Searing Ray (safe; 1% risk of failure)
Confirm with . or Enter, or press ? or * to list all spells.
Aiming: Searing Ray (safe; 1% risk of failure)
Press: ? - help, Shift-Dir - straight line, f/p - skeletal warrior
Aim: a skeletal warrior, wielding a +0 trident (severely damaged, 82% to hit)
The searing ray hits the skeletal warrior.
The skeletal warrior is almost destroyed. (Press . to maintain the ray.)
The skeletal warrior hits you from afar with a +0 trident!
The searing ray hits the skeletal warrior!
The skeletal warrior is almost destroyed.
The skeletal warrior hits you from afar with a +0 trident!
* * * LOW HITPOINT WARNING * * *
The searing ray hits the skeletal warrior but does no damage.
The skeletal warrior is almost destroyed.
The skeletal warrior hits you from afar with a +0 trident!!
You die...

# #..............#
#.#....
####.#######.###....
....... #....#######.#
.## #.....#
#.#####......# .##
#.#.#.# #.# #.######
#.##.##.#.#.# #.# #.#
#.##.##.#.#.### #.#
#)#########...#....z.>.)#
#.#
#...........##.#..##.##.#
#.#
#.#####...@....)..##.##)#
#.# #.#
#.###.##.#..##.##)# # #.#
#.# #.# z##.#.)##.##)#.#
..# #.# #.#
.##)...)........ ### #.#
#.# #...############# #.#
... ... #.# ..# #.## ..#
.#


You could see a skeletal warrior.

Vanquished Creatures
  A boulder beetle (D:6)
  A gargoyle (D:6)
  2 shadows (D:8)
  5 wraiths (D:7)
  A vampire mosquito (D:6)
  Menkaure (D:5)
  2 ice beasts
  A sky beast (D:7)
  An orc warrior (D:6)
  A black bear (D:7)
  3 centaurs
  2 ogres
  2 kobold brigands
  A phantom (D:7)
  A bullfrog (D:7)
  2 scorpions
  9 wights
  6 killer bees (D:7)
  6 electric eels (D:5)
  3 howler monkeys
  2 hounds (D:6)
  A gnoll bouda (D:7)
  5 orc priests
  4 jellies
  Jessica (D:2)
  2 iguanas (D:6)
  3 orc wizards
  13 adders
  4 gnolls (D:7)
  A shadow imp (D:7)
  An ufetubus (D:5)
  6 worms
  2 dart slugs
  24 orcs
  4 endoplasms
  3 giant cockroaches
  6 goblins
  7 hobgoblins
  26 kobolds
  3 quokkas
  7 ball pythons
  10 bats
  3 frilled lizards
  8 rats
197 creatures vanquished.

Notes
Turn   | Place    | Note
-------+----------+-------------------------------------------
     0 | D:1      | Essalna the Gargoyle Conjurer began the quest for the Orb.
     0 | D:1      | Reached XP level 1. HP: 10/10 MP: 3/3
   271 | D:1      | Reached skill level 1 in Fighting
   291 | D:1      | Reached XP level 2. HP: 16/16 MP: 3/5
   809 | D:1      | Reached XP level 3. HP: 21/21 MP: 0/6
   939 | D:1      | Reached skill level 5 in Conjurations
  1702 | D:2      | Reached XP level 4. HP: 27/27 MP: 3/7
  1880 | D:1      | Learned a level 2 spell: Searing Ray
  2262 | D:2      | Noticed Jessica
  2267 | D:2      | Killed Jessica
  2395 | D:2      | Found a faded altar of an unknown god.
  2639 | D:2      | Reached XP level 5. HP: 32/32 MP: 3/8
  2928 | D:3      | Learned a level 4 spell: Iskenderun's Mystic Blast
  2939 | D:3      | Identified the +2 leather armour "Jousis" {rElec rN+}
  3174 | D:3      | Found a faded altar of an unknown god.
  3224 | D:3      | Reached skill level 6 in Conjurations
  3391 | D:3      | Reached skill level 1 in Armour
  3505 | D:3      | Reached skill level 1 in Translocations
  3505 | D:3      | Reached XP level 6. HP: 35/38 MP: 2/9
  3694 | D:3      | Found a white marble altar of Elyvilon.
  3973 | D:3      | Found a snail-covered altar of Cheibriados.
  4409 | D:4      | Found an iron altar of Okawaru.
  4673 | D:4      | Found a stormy altar of Qazlal.
  5217 | D:5      | Entered Level 5 of the Dungeon
  5227 | D:5      | Noticed Menkaure
  5232 | D:5      | Killed Menkaure
  5233 | D:5      | Reached XP level 7. HP: 37/44 MP: 2/10
  5920 | D:5      | Found a hide-covered altar of Uskayaw.
  6068 | D:5      | Reached XP level 8. HP: 48/48 MP: 1/11
  6138 | D:5      | Reached skill level 5 in Fighting
  6562 | D:5      | Reached skill level 7 in Conjurations
  7002 | D:6      | Found a broken altar of Ashenzari.
  7484 | D:6      | Found a glowing silver altar of Zin.
  7486 | D:6      | Found a shimmering altar of Xom.
  7576 | D:6      | Reached XP level 9. HP: 55/55 MP: 9/12
  7655 | D:6      | Found a shadowy altar of Dithmenos.
  7761 | D:6      | Noticed Zigma's ghost (novice DrNe)
  7764 | D:6      | Found a runed translucent door.
  7765 | D:6      | Noticed a gargoyle
  7782 | D:6      | Killed a gargoyle
  7783 | D:6      | Reached skill level 5 in Armour
  7829 | D:6      | Noticed a boulder beetle
  7865 | D:6      | Killed a boulder beetle
  7866 | D:6      | Reached skill level 8 in Conjurations
  8459 | D:7      | Reached skill level 5 in Dodging
  8459 | D:7      | Reached skill level 5 in Translocations
  8617 | D:7      | Reached XP level 10. HP: 63/63 MP: 10/13
  9243 | D:7      | Reached skill level 9 in Conjurations
  9247 | D:7      | Noticed a skeletal warrior
 10717 | D:7      | Slain by a skeletal warrior

Illustrated notes

Levels and vault maps discovered:
D:1:      dpeg_arrival_rhombus, layout_loops_corners,
          chequers_serial_rivers_room_b, columned_hall_lemuel,
          minmay_misc_feat_enclosed, lexackson_kobold_supper
D:2:      layout_loops_ring, shapermc_ecumenical_altar_mp_ritualfount,
          nicolae_half_adder, uniq_jessica
D:3:      layout_basic, nicolae_overflow_ecumenical_swirl, lemuel_doored_altar,
          kennysheep_generic_room_10
D:4:      layout_basic, nicolae_qazlal_scattered_showers,
          mainiacjoe_overflow_paths
D:5:      cheibrodos_two_vegetables, layout_cave_pools,
          nicolae_uskayaw_suspiria, uniq_menkaure
D:6:      layout_basic, cheibrodos_ashenzari_chains,
          chequers_temple_overflow_statue_of_worship,
          hellmonk_ghost_happy_afterlife, hangedman_glass_teeth, kb_rosetta
D:7:      layout_loops_ring, minmay_temple_entry_poolview,
          minmay_guarded_unrand_finisher
D:8:      layout_rooms

Skill      XL: |  1  2  3  4  5  6  7  8  9 10 |
---------------+-------------------------------+-----
Fighting       | 1 2 3 4 6 7 8 |  8.0
Conjurations   | 5 6 7 8 9 |  9.3
Armour         | 1 2 3 4 6 7 |  7.0
Translocations | 1 2 3 5 |  5.8
Dodging        | 2 3 4 5 |  5.7
Stealth        | |  2.1
Spellcasting   | |  2.0

Action                     |  1- 3 |  4- 6 |  7- 9 | 10-12 || total
---------------------------+-------+-------+-------+-------++-------
  Melee: Unarmed           |     6 |       |       |       ||     6
         Whip              |    33 |    34 |    67 |    85 ||   219
         Punch             |     1 |       |     1 |     1 ||     3
         Dagger            |     8 |    38 |    17 |       ||    63
   Cast: Magic Dart        |    55 |   115 |   143 |    78 ||   391
         Searing Ray       |       |     8 |    15 |    20 ||    43
         Iskenderun's Myst |       |       |     3 |       ||     3
  Evoke: Wand              |       |       |     6 |     6 ||    12
    Use: Scroll            |       |     8 |     2 |     1 ||    11
         Potion            |       |       |     7 |       ||     7
 Armour: Robe              |    18 |    12 |       |       ||    30
         Leather armour    |       |    22 |    82 |    85 ||   189
  Dodge: Dodged            |    31 |    32 |   109 |    97 ||   269

Table legend: (Time is in decaauts)
 A = Elapsed time spent in this place.
 B = Non-inter-level travel time spent in this place.
 C = Inter-level travel time spent in this place.
 D = Time resting spent in this place.
 E = Time spent auto-exploring this place.
 F = Levels seen in this place.
 G = Mean time per level.
                   A        B        C        D        E       F      G
               +--------+--------+--------+--------+--------+-----+--------+
         Total |  10838 |  10616 |    222 |    272 |   8627 |   8 | 1354.8 |
       Dungeon |  10838 |  10616 |    222 |    272 |   8627 |   8 | 1354.8 |
               +--------+--------+--------+--------+--------+-----+--------+

Top non-repeatable levels by time:
     D:5: 1537 daAuts
     D:1: 1537 daAuts
     D:6: 1429 daAuts
     D:7: 1420 daAuts
     D:2: 1295 daAuts
     D:3: 1286 daAuts
     D:4: 1275 daAuts
     D:8: 1055 daAuts
